 Dungeon Crawl Stone Soup version 0.30-a0-743-gbfdf073431 (webtiles) character file.

Game seed: 2626456591562628710

112 Newt the Shooter (level 5, 0/35 HPs)
             Began as a Kobold Hunter on Feb 7, 2023.
             Slain by an orc wizard
             ... wielding a +0 dagger
              (2 damage)
             ... on level 4 of the Dungeon.
             The game lasted 00:02:45 (3410 turns).

Newt the Shooter (Kobold Hunter)                    Turns: 3410, Time: 00:02:45

Health: 0/35       AC:  5    Str:  9    XL:     5   Next: 16%
Magic:  5/5        EV: 14    Int: 10    God:
Gold:   54         SH:  0    Dex: 20    Spells: 4/4 levels left

rFire   . . .      SeeInvis .    a - +0 shortbow
rCold   . . .      Faith    .    (shield currently unavailable)
rNeg    . . .      Spirit   .    g - +1 leather armour {Will+}
rPois   .          Reflect  .    k - +0 helmet
rElec   .          Harm     .    (no cloak)
rCorr   +          Rampage  .    (no gloves)
Will    ++...                    (no boots)
Stlth   +++                      (no amulet)
HPRegen 0.25/turn                l - ring of resist corrosion
MPRegen 0.09/turn                q - ring of willpower

@: about to teleport
A: small, no large weapons, nightstalker 3
a: no special abilities


You were on level 4 of the Dungeon.
You visited 1 branch of the dungeon, and saw 4 of its levels.

You collected 168 gold pieces.
You spent 114 gold pieces at shops.

Inventory:

Hand Weapons
 a - a +0 shortbow (weapon)
Armour
 c - a +0 leather armour
 g - a +1 leather armour of willpower (worn)
 k - a +0 helmet (worn)
Jewellery
 l - a ring of resist corrosion (left hand)
 n - a ring of ice
 q - a ring of willpower (right hand)
 s - a ring of fire
Wands
 u - a wand of light (10)
Scrolls
 b - 5 scrolls of immolation
 f - a scroll of poison
 h - a scroll of vulnerability
 i - a scroll of teleportation
Potions
 d - a potion of brilliance
 e - a potion of ambrosia
 j - 2 potions of invisibility
 m - a potion of resistance {unknown}
 o - a potion of attraction {unknown}
 r - a potion of haste {unknown}
 t - 3 potions of curing {unknown}


   Skills:
 - Level 5.0 Fighting
 + Level 5.9 Ranged Weapons
 - Level 2.4 Dodging
 - Level 1.3 Stealth


You had 4 spell levels left.
You didn't know any spells.
Your spell library contained the following spells:

 Spells                   Type           Power      Damage    Failure   Level
 Ozocubu's Armour         Ice            0%         N/A       85%         3
 Metabolic Englaciation   Hex/Ice        0%         N/A       100%        5
 Simulacrum               Ice/Necr       0%         N/A       100%        6


Dungeon Overview and Level Annotations

Branches:
Dungeon (4/15)
 Temple: D:4-7

Altars:
Elyvilon
Fedhas
Nemelex Xobeh

Shops:
D:3 *


Innate Abilities, Weirdness & Mutations

You are small and have problems with some larger weapons.
You are completely attuned to the shadows.


Message History

Unknown command.
You shoot an arrow. Something hits you.
* * * LOW HITPOINT WARNING * * *
You feel much better. Something hits you.
You shoot an arrow. Something hits you but does no damage.
You shoot an arrow. Something hits you but does no damage.
You shoot an arrow. Something barely misses you.
You shoot an arrow.
Something hits you but does no damage. x2
You shoot an arrow.
You hear some strange, mumbled words.
A magic dart appears from out of thin air!
The magic dart hits you!
You shoot an arrow. Something hits you.
You shoot an arrow. Something hits you but does no damage.
Something barely misses you.
You shoot an arrow. Something hits you but does no damage.
You shoot an arrow. Something hits you but does no damage.
You shoot an arrow. Something hits you.
You shoot an arrow.
You hear some strange, mumbled words.
A magic dart appears from out of thin air!
The magic dart hits you!
* * * LOW HITPOINT WARNING * * *
Something hits you but does no damage.
You shoot an arrow. Something hits you but does no damage.
You shoot an arrow. Something hits you.
* * * LOW HITPOINT WARNING * * *
You shoot an arrow. Something hits you.
* * * LOW HITPOINT WARNING * * *
Something completely misses you.
You shoot an arrow. Something hits you.
* * * LOW HITPOINT WARNING * * *
As you read the scroll of teleportation, it crumbles to dust.
You feel strangely unstable.
You hear some strange, mumbled words.
A puff of flame appears from out of thin air!
The puff of flame hits you.
* * * LOW HITPOINT WARNING * * *
Something hits you.
You die...

............,,,,*
######......,,,,*
#≈§§~#..........#
§§_.~#..........#
§§⌠>~#......)...#
#≈≈≈~#.......)..# #
######..........# #
................#################
................@.............>..
.......................#######..#
.................(.....# #..#
.).....#######.........#######..#
.......# #..)...............#
,......# #####.#####...###..#
,.....(# #.......#.# #..#
,......# ######....#*#..#
*####### ##....*#..#


There were no monsters in sight!

Vanquished Creatures
  2 adders
  A worm (D:2)
  3 dart slugs
  7 orcs (D:4)
  3 ball pythons
  3 bats
  5 endoplasms
  A giant cockroach (D:1)
  8 goblins
  5 hobgoblins
  13 jackals
  4 kobolds
  5 quokkas
  4 frilled lizards
  4 rats
68 creatures vanquished.

Notes
Turn   | Place    | Note
-------+----------+-------------------------------------------
     0 | D:1      | Newt the Kobold Hunter began the quest for the Orb.
     0 | D:1      | Reached XP level 1. HP: 12/12 MP: 1/1
   208 | D:1      | Reached XP level 2. HP: 18/18 MP: 2/2
   579 | D:1      | Reached XP level 3. HP: 23/23 MP: 3/3
  1689 | D:3      | Reached XP level 4. HP: 29/30 MP: 4/4
  2284 | D:3      | Found Eseveen's Assorted Antiques.
  2289 | D:3      | Bought a scroll labelled LUBEBO XAESHU for 19 gold pieces
  2289 | D:3      | Bought a shiny emerald ring for 95 gold pieces
  2866 | D:4      | Found a sparkling altar of Nemelex Xobeh.
  2921 | D:4      | Reached skill level 5 in Fighting
  3031 | D:4      | Reached XP level 5. HP: 22/35 MP: 5/5
  3183 | D:4      | Found a white marble altar of Elyvilon.
  3210 | D:4      | Found a blossoming altar of Fedhas.
  3410 | D:4      | Slain by an orc wizard

Illustrated notes

Levels and vault maps discovered:
D:1:      pf_arrival_petrified_forest, layout_loops_ring
D:2:      layout_loops_cross
D:3:      layout_loops_corners, serial_shops, nicolae_shop_overgrown_old_shop
D:4:      layout_basic, mainiacjoe_overflow_alcove_2, general_overflow_altar,
          lemuel_tele_altar

Skill      XL: |  1  2  3  4 |
---------------+-------------+-----
Fighting       | 3 4 5 |  5.0
Ranged Weapons | |  5.9
Dodging        | |  2.4
Stealth        | |  1.3

Action                     |  1- 3 |  4- 6 || total
---------------------------+-------+-------++-------
   Fire: Shortbow          |    77 |   117 ||   194
    Use: Scroll            |     5 |     6 ||    11
         Potion            |     1 |     1 ||     2
 Armour: Leather armour    |    16 |    26 ||    42
  Dodge: Dodged            |    22 |    75 ||    97

Table legend: (Time is in decaauts)
 A = Elapsed time spent in this place.
 B = Non-inter-level travel time spent in this place.
 C = Inter-level travel time spent in this place.
 D = Time resting spent in this place.
 E = Time spent auto-exploring this place.
 F = Levels seen in this place.
 G = Mean time per level.
                   A        B        C        D        E       F      G
               +--------+--------+--------+--------+--------+-----+--------+
         Total |   3464 |   3293 |    171 |    146 |   2734 |   4 |  866.0 |
       Dungeon |   3464 |   3293 |    171 |    146 |   2734 |   4 |  866.0 |
               +--------+--------+--------+--------+--------+-----+--------+

Top non-repeatable levels by time:
     D:3: 1164 daAuts
     D:1: 935 daAuts
     D:2: 739 daAuts
     D:4: 624 daAuts
